 Dungeon Crawl Stone Soup version 0.19.1 (webtiles) character file.

233 spooks32 the Archer (level 5, -2/45 HPs)
             Began as a Centaur Hunter on Dec 15, 2016.
             Shot with an arrow by a centaur (10 damage)
             ... on level 5 of the Dungeon.
             The game lasted 00:20:32 (5162 turns).

spooks32 the Archer (Centaur Hunter)                Turns: 5162, Time: 00:20:32

Health: -2/45      AC:  7    Str: 14    XL:     5   Next: 75%
Magic:  5/5        EV:  9    Int: 10    God:
Gold:   140        SH:  0    Dex: 15    Spells: 1 memorised, 1 level left

rFire  . . .     SeeInvis .     a - +1 shortbow
rCold  . . .     Gourm    .     q - +2 leather armour "Hucon" {Dex+4}
rNeg   . . .     Faith    .     (shield currently unavailable)
rPois  .         Spirit   .     m - +0 helmet
rElec  .         Reflect  .     (no cloak)
rCorr  .         Harm     .     (no gloves)
MR     .....                    (no barding)
Stlth  +.........               (no amulet)
                                (no ring)
                                (no ring)

@: very quick
A: hooves 3, deformed body, speed 2, tough skin 3
a: no special abilities


You were on level 5 of the Dungeon.
You were not hungry.

You visited 1 branch of the dungeon, and saw 5 of its levels.

You collected 140 gold pieces.

Inventory:

Hand Weapons
 a - a +1 shortbow (weapon)
 n - a +0 flail
Missiles
 e - 16 arrows (quivered)
Armour
 c - a +0 leather armour
 m - a +0 helmet (worn)
 o - a +2 leather armour of cold resistance
 q - the +2 leather armour "Hucon" (worn) {Dex+4}
   (You found it on level 5 of the Dungeon)

   It affects your dexterity (+4).
Jewellery
 g - an uncursed ring of ice {unknown}
 i - an uncursed ring of flight
Scrolls
 b - a scroll of magic mapping {unknown}
 f - a scroll of random uselessness {unknown}
 l - 2 scrolls of amnesia
Potions
 j - a potion of heal wounds {unknown}
 k - a potion of berserk rage {unknown}
Books
 d - a book of Misfortune

   Spells                             Type                      Level
   a - Confusing Touch                Hexes                        1
   b - Confuse                        Hexes                        3
   c - Gell's Gravitas                Hexes/Translocation          3
   d - Petrify                        Transmutation/Earth          4
   e - Metabolic Englaciation         Hexes/Ice                    5
   f - Yara's Violent Unravelling     Hexes/Transmutation          5
Comestibles
 h - a meat ration
 p - a beef jerky


   Skills:
 * Level 3.3 Fighting
 - Level 0.3 Maces & Flails
 * Level 8.5 Bows
 - Level 1.3 Dodging
 - Level 0.4 Stealth


You had one spell level left.
You knew the following spells:

 Your Spells              Type           Power        Failure   Level  Hunger
a - Confuse               Hex            #.......     97%         3    ####...


Dungeon Overview and Level Annotations

Branches:
Dungeon (5/15)
 Temple: D:4-7

Altars:
Gozag
Sif Muna
Vehumet

Annotations:
D:2 Natasha
D:3 Philosophy's ghost, amateur FoFi


Innate Abilities, Weirdness & Mutations

You have hooves in place of feet.
Armour fits poorly on your strangely shaped body.
You cover ground very quickly.
You have extremely tough skin. (AC +3)


Message History

Aim: a centaur, wielding a shortbow (lightly wounded)
You shoot an arrow. The arrow hits the centaur.
The centaur is moderately wounded.
The centaur shoots an arrow.
The arrow completely misses you.
Firing (i - inventory):
e - 18 arrows (quivered)
Press: ? - help, Shift-Dir - straight line, f/p - centaur
Aim: a centaur, wielding a shortbow (moderately wounded)
You shoot an arrow. The arrow hits the centaur!
The centaur is severely wounded.
The centaur shoots an arrow.
The arrow hits you.
Firing (i - inventory):
e - 17 arrows (quivered)
Press: ? - help, Shift-Dir - straight line, f/p - centaur
Aim: a centaur, wielding a shortbow (severely wounded)
You shoot an arrow. The arrow hits the centaur.
The centaur is almost dead.
The centaur shoots an arrow.
The arrow hits you!
* * * LOW HITPOINT WARNING * * *
The centaur shoots an arrow.
The arrow barely misses you.
The centaur shoots an arrow.
The arrow hits you!
You die...

##+####### #........#
#........# #........#
#........###
######+#.......#
#..............######.
#.......(@(((.(c(.....
#..............#######
#.......########
#..........#
#..........#
####..........#
...............#
#####..........#
#...<......#


You could see a centaur.

Vanquished Creatures
  Natasha (twice) (D:2)
  An orc wizard (D:3)
  6 adders
  An ooze (D:1)
  A worm (D:2)
  4 dart slugs
  A leopard gecko (D:2)
  6 orcs (D:3)
  8 bats
  13 giant cockroaches
  7 goblins
  6 hobgoblins
  5 jackals
  2 quokkas (D:2)
  3 frilled lizards (D:1)
  6 kobolds
  10 rats
82 creatures vanquished.

Notes
Turn   | Place    | Note
-------+----------+-------------------------------------------
     0 | D:1      | spooks32 the Centaur Hunter began the quest for the Orb.
     0 | D:1      | Reached XP level 1. HP: 17/17 MP: 1/1
    55 | D:1      | Reached XP level 2. HP: 21/24 MP: 2/2
   134 | D:1      | Reached skill level 6 in Bows
   697 | D:2      | Reached XP level 3. HP: 29/29 MP: 3/3
   776 | D:2      | Noticed Natasha
   795 | D:2      | Killed Natasha
   795 | D:2      | Reached skill level 7 in Bows
   803 | D:2      | Noticed Natasha
  1023 | D:3      | Noticed Philosophy's ghost (amateur FoFi)
  1045 | D:3      | Reached XP level 4. HP: 16/37 MP: 4/4
  2091 | D:3      | Learned a level 3 spell: Confuse
  2589 | D:2      | Reached skill level 8 in Bows
  2969 | D:3      | Reached XP level 5. HP: 25/42 MP: 5/5
  3255 | D:3      | Found an opulent altar of Gozag.
  3255 | D:3      | Found a radiant altar of Vehumet.
  3256 | D:3      | Found a deep blue altar of Sif Muna.
  3328 | D:4      | Noticed an ogre
  3928 | D:2      | Killed Natasha
  4293 | D:2      | Noticed Natasha
  5092 | D:4      | Noticed a phantom
  5108 | D:5      | Entered Level 5 of the Dungeon
  5113 | D:5      | Got a scorched leather armour
  5138 | D:5      | Identified the +2 leather armour "Hucon" {Dex+4} (You found it on level 5 of the Dungeon)
  5151 | D:5      | Noticed a centaur
  5162 | D:5      | Shot with an arrow by a centaur

Skill      XL: |  1  2  3  4  5 |
---------------+----------------+-----
Bows           | 6 7 8 |  8.5
Fighting       | 3 |  3.3
Maces & Flails | |  0.3
Dodging        | |  1.3
Stealth        | |  0.4

Action                   |  1- 3 |  4- 6 || total
-------------------------+-------+-------++-------
Melee: Short sword       |    47 |       ||    47
       Kick              |     9 |    57 ||    66
       Dagger            |     6 |   205 ||   211
       Flail             |       |    93 ||    93
 Fire: Shortbow          |    32 |    27 ||    59
  Use: Scroll            |     4 |     6 ||    10
       Potion            |       |     6 ||     6
  Eat: Bread ration      |     1 |     2 ||     3
       Chunk             |       |     2 ||     2
Armor: Leather armour    |    24 |   142 ||   166
       Skin              |       |   110 ||   110
Dodge: Dodged            |    27 |   145 ||   172
